 Dungeon Crawl Stone Soup version 0.21.0-3-g78d12a8bdd (webtiles) character file.

167 Kublaii the Chucker (level 5, 0/48 HPs)
             Began as a Troll Hunter on Jan 9, 2018.
             Splashed by a jelly's acid (2 damage)
             ... on level 2 of the Dungeon.
             The game lasted 00:11:21 (1483 turns).

Kublaii the Chucker (Troll Hunter)                  Turns: 1483, Time: 00:11:21

Health: 0/48       AC: -7    Str: 20    XL:     5   Next: 23%
Magic:  4/4        EV: 10    Int:  7    God:
Gold:   108        SH:  0    Dex: 11    Spells: 4/4 levels left

rFire    . . .     SeeInvis .     - Unarmed
rCold    . . .     Gourm    +   (no shield)
rNeg     . . .     Faith    .   b - +0 robe
rPois    .         Spirit   .   (helmet restricted)
rElec    .         Reflect  .   (no cloak)
rCorr    .         Harm     .   (gloves unavailable)
MR       .....                  (boots unavailable)
Stlth    +.........             (no amulet)
HPRegen  0.56/turn              (no ring)
MPRegen  0.09/turn              (no ring)

@: corroded
A: large, unfitting armour, claws 3, fast metabolism 3, gourmand, regeneration
1, shaggy fur 1, tough skin 2
a: no special abilities


You were on level 2 of the Dungeon.
You were very full.

You visited 1 branch of the dungeon, and saw 2 of its levels.

You collected 108 gold pieces.

Inventory:

Missiles
 c - 2 large rocks (quivered)
 d - 2 throwing nets
 j - 120 stones
 m - 27 sling bullets
Armour
 b - a +0 robe (worn)
Scrolls
 e - 5 scrolls of remove curse {unknown}
 i - 2 scrolls of teleportation {unknown}
 k - a scroll of amnesia {unknown}
Potions
 a - 5 potions of curing
 g - a potion of heal wounds {unknown}
 h - a potion of cancellation {unknown}
 l - a potion of mutation {unknown}
 n - a potion of brilliance {unknown}
Comestibles
 f - 3 rations


   Skills:
 - Level 1.5 Fighting
 + Level 4.9 Throwing
 - Level 1.5 Dodging
 - Level 0.3 Stealth
 + Level 3.4 Unarmed Combat


You had 4 spell levels left.
You didn't know any spells.

Dungeon Overview and Level Annotations

Branches:
Dungeon (2/15)

Altars:


Innate Abilities, Weirdness & Mutations

You are too large for most types of armour.
You have claws for hands.
Your metabolism is lightning-fast.
You like to eat raw meat.
Your natural rate of healing is unusually fast.
You are covered in fur. (AC +1)
You have very tough skin. (AC +2)


Message History

The jelly is severely wounded.
Something hits the fungus.
The fungus is splashed with acid.
The acid corrodes the fungus!
The jelly hits you.
You are splashed with acid!
The acid burns!
The ooze hits the fungus.
You claw the jelly!
You kill the jelly!
The ooze hits the fungus.
You claw the jelly!
Your claws burn!
The jelly is heavily wounded.
The jelly hits you.
You are splashed with acid!
The acid burns!
* * * LOW HITPOINT WARNING * * *
You scratch the jelly but do no damage.
Your claws burn!
* * * LOW HITPOINT WARNING * * *
The jelly is heavily wounded.
Something hits the fungus.
The jelly hits you.
* * * LOW HITPOINT WARNING * * *
The acid corrodes you!
You are splashed with acid!
The acid burns!
* * * LOW HITPOINT WARNING * * *
You scratch the jelly.
Your claws burn!
You die...

#.#### ### #<.#
#.####.## #.#
####### ### #.#
#.#### ##.#######
#.# ##...#
#.#.#....######.#
##.##
#.#.#.....##.##.#
#.#
#.#'#......'.##.#
#.#
#.#........'..#.##
#.#
#.#........')).)..
#.#
#@#.......##.#####
#.#
....PJJ##......#####
#.# ....÷J# ########
#.# ###### #.#
######## #.#
#.....<# #.#
######># ##### #.#
#.########...# ##.##
#..........#.#


You could see a jelly and 2 oozes.

Vanquished Creatures
  A jelly (D:2)
  A hound skeleton (D:2)
  3 adders (D:2)
  An ooze (D:2)
  2 worms (D:2)
  5 dart slugs
  3 leopard geckos
  5 bats
  2 giant cockroaches
  3 goblins (D:2)
  10 hobgoblins
  4 jackals (D:2)
  A quokka (D:2)
  6 frilled lizards
  12 kobolds
  23 rats
82 creatures vanquished.

Vanquished Creatures (others)
  9 toadstools (D:2)
9 creatures vanquished.

Grand Total: 91 creatures vanquished

Notes
Turn   | Place    | Note
-------+----------+-------------------------------------------
     0 | D:1      | Kublaii the Troll Hunter began the quest for the Orb.
     0 | D:1      | Reached XP level 1. HP: 19/19 MP: 0/0
   191 | D:1      | Reached skill level 1 in Unarmed Combat
   251 | D:1      | Reached XP level 2. HP: 27/27 MP: 1/1
   407 | D:1      | Reached skill level 4 in Throwing
   482 | D:1      | Reached XP level 3. HP: 33/33 MP: 2/2
  1000 | D:2      | Reached XP level 4. HP: 41/41 MP: 3/3
  1476 | D:2      | Reached XP level 5. HP: 48/48 MP: 4/4
  1482 | D:2      | HP: 2/48 [acid (8)]
  1483 | D:2      | Splashed by a jelly's acid

Skill      XL: |  1  2  3  4 |
---------------+-------------+-----
Unarmed Combat | 1 2 3 |  3.4
Throwing       | 4 |  4.9
Fighting       | |  1.5
Dodging        | |  1.5
Stealth        | |  0.3

Action                   |  1- 3 |  4- 6 || total
-------------------------+-------+-------++-------
Melee: Short sword       |    37 |       ||    37
       Unarmed           |    49 |   101 ||   150
       Punch             |       |     2 ||     2
Throw: Large rock        |    16 |     9 ||    25
  Use: Potion            |     1 |       ||     1
 Stab: Sleeping          |     1 |     1 ||     2
  Eat: Chunk             |    14 |     4 ||    18
Armor: Robe              |    26 |    26 ||    52
Dodge: Dodged            |    62 |    40 ||   102
